Map: Backwater LE

Players

SpeCial

  • Race: Terran Terran
  • Spawn Location: 11:00

Snute - Winner!

  • Race: Zerg Zerg
  • Spawn Location: 5:00

Event: WCS Leipzig 2018

VOD

Have the link to the VOD?

Description

Time

  • Played on: Jan. 26, 2018, 1:32 p.m.
  • Length: 16:23

All games in this series

Show
View Real Time Build Order
Export as new Build Order

SpeCial Terran 

Build Orders: Hellion Banshee, Mech 

Get SALT Encoding   

  12  0:00  SCV  
  13  0:13  SCV  
  14  0:20  Supply Depot  
  14  0:25  SCV  
  15  0:42  SCV  
  16  0:44  Barracks  
  16  0:46  Refinery  
  16  0:54  SCV  
  17  1:06  SCV  
  18  1:18  SCV  
  19  1:32  Orbital Command  
  20  1:34  Marine  
  20  1:41  Command Center  
  20  1:57  Factory  
  20  1:58  SCV  
  21  2:07  Barracks Reactor  
  21  2:10  SCV, Supply Depot  
  22  2:15  Refinery  
  22  2:22  SCV  
  23  2:34  SCV  
  24  2:42  Starport  
  24  2:47  SCV  
  24  2:50  Hellion x2  
  29  2:55  Orbital Command  
  29  2:59  SCV  
  30  3:11  SCV  
  35  3:13  Hellion x2  
  35  3:18  Starport Tech Lab  
  35  3:21  SCV  
  35  3:23  SCV  
  37  3:30  Supply Depot  
  37  3:33  SCV  
  42  3:34  Hellion x2  
  42  3:38  SCV, Cloaking Field  
  43  3:44  Banshee  
  46  3:48  Supply Depot  
  46  3:52  SCV x2  
  48  4:01  Hellion x2  
  50  4:04  SCV x2  
  48  4:16  SCV  
  48  4:17  SCV  
  48  4:24  Command Center  
  48  4:28  SCV, Banshee  
  48  4:29  SCV  
  53  4:34  Supply Depot  
  53  4:37  Hellion  
  55  4:39  Hellion  
  55  4:45  SCV x2  
  59  4:49  Refinery, Supply Depot  
  59  4:50  Refinery  
  59  4:57  SCV x2  
  59  4:58  Armory  
  61  5:00  Hellion  
  61  5:01  Hellion  
  65  5:09  SCV x2  
  65  5:11  Banshee  
  70  5:16  Supply Depot  
  70  5:21  SCV x2  
  70  5:25  Hellion  
  71  5:33  SCV x2  
  71  5:36  Barracks Tech Lab  
  71  5:37  Factory  
  71  5:39  Factory  
  69  5:45  Hellion, SCV x2  
  69  5:46  Hellion  
  69  5:52  Terran Vehicle Weapons Level 1  
  69  5:57  SCV x2  
  72  6:05  Starport Reactor  
  72  6:06  Hellion  
  72  6:08  Hellion, Orbital Command  
  72  6:10  SCV x2  
  77  6:11  Supply Depot  
  77  6:22  SCV x2  
  79  6:27  Hellion  
  79  6:29  Hellion  
  79  6:31  Refinery x2  
  83  6:34  SCV x2  
  83  6:38  Thor x2  
  83  6:39  SCV  
  96  6:46  SCV x2  
  98  6:51  SCV  
  98  6:53  Supply Depot  
  99  6:55  Medivac x2  
  99  6:56  Supply Depot  
  99  6:58  SCV x2  
  99  6:59  Hellion x2  
  109  7:14  SCV x3  
  109  7:18  Armory  
  109  7:19  Factory  
  109  7:21  Supply Depot x2, Factory  
  109  7:22  Supply Depot  
  109  7:24  Hellion  
  109  7:25  Hellion, Liberator x2  
  109  7:26  SCV x3  
  109  7:27  Siege Tank  
  109  7:29  Siege Tank  
  120  7:38  SCV x3  
  129  7:48  Supply Depot  
  129  7:49  Supply Depot  
  129  7:50  SCV x2  
  131  7:54  Terran Vehicle Weapons Level 2  
  131  8:02  Hellion x2  
  131  8:03  Factory Tech Lab  
  131  8:04  Factory Reactor  
  131  8:05  Command Center, Siege Tank x2  
  141  8:13  Supply Depot  
  141  8:24  Hellion x2  
  143  8:28  SCV  
  143  8:29  Siege Tank  
  147  8:37  Siege Tank  
  147  8:39  SCV  
  147  8:45  Hellion x2  
  149  8:49  Hellion x2  
  149  8:50  Hellion, Terran Vehicle And Ship Armor Level 1  
  147  8:57  SCV x2  
  147  9:01  Hellion  
  138  9:10  Siege Tank  
  138  9:11  Siege Tank  
  138  9:13  Hellion x2  
  138  9:14  Hellion x2  
  149  9:20  SCV x3  
  149  9:22  Supply Depot x3, Siege Tank  
  149  9:23  Engineering Bay  
  155  9:24  Viking  
  155  9:25  Viking  
  157  9:32  SCV  
  157  9:34  Hellion  
  157  9:35  Hellion x2  
  157  9:36  Hellion  
  166  9:42  Siege Tank  
  166  9:43  Siege Tank  
  168  9:50  Refinery  
  162  9:53  Refinery, Infernal Pre-Igniter  
  162  9:54  Viking  
  162  9:55  Viking, Siege Tank  
  162  9:56  Hellion x3  
  162  9:57  Hellion  
  168  10:10  Planetary Fortress  
  168  10:15  Terran Vehicle Weapons Level 3  
  168  10:16  Missile Turret  
  168  10:18  Hellion  
  168  10:19  Hellion x2  
  168  10:20  Siege Tank  
  172  10:28  Siege Tank x2  
  176  10:33  Viking x2  
  180  10:42  Smart Servos  
  180  10:43  Hellion  
  180  10:44  Hellion x3  
  186  10:52  Siege Tank  
  187  11:00  Siege Tank  
  190  11:04  Viking x2  
  190  11:05  Hellion x3  
  180  11:29  Hellion x2, Siege Tank  
  180  11:30  Siege Tank  
  166  11:38  Viking x2  
  162  11:43  Hellion x2, Siege Tank  
  169  11:49  Starport  
  169  11:50  Starport  
  169  11:55  Hellion x2  
  169  11:57  Command Center, Terran Ship Weapons Level 1  
  173  12:01  Siege Tank  
  173  12:08  Viking x2  
  180  12:15  Command Center  
  180  12:18  Hellion x2  
  180  12:19  Hellion x2  
  180  12:20  Hellion x2  
  177  12:33  Missile Turret  
  177  12:34  Hellion x7, Missile Turret x2  
  177  12:38  Viking x2  
  179  12:47  Starport Reactor x2  
  179  12:48  Hellion x3  
  179  12:49  Hellion, Siege Tank, Thor  
  186  12:52  Terran Vehicle And Ship Armor Level 2  
  186  12:55  Hellion  
  188  13:08  Viking x2  
  192  13:19  Hellion x3  
  188  13:23  Hellion  
  188  13:30  Hellion  
  187  13:38  Viking x4  
  187  13:39  Viking x2  
  183  13:45  Hellion x2  
  181  13:50  Siege Tank  
  181  13:54  Planetary Fortress  
  176  14:08  Viking x4, Orbital Command  
  176  14:09  Viking  
  186  14:10  Viking  
  186  14:19  Hellion x3  
  172  14:37  Viking  
  172  14:38  Viking x4  
  172  14:40  Viking  
  172  14:42  Hellion x2, Siege Tank  
  168  14:54  Hellion x2, Siege Tank  
  168  14:56  Hellion  
  177  15:01  SCV x2  
  179  15:07  Viking  
  179  15:09  Hellion x2  
  185  15:14  Siege Tank  
  185  15:17  Liberator x2, Siege Tank  
  189  15:26  Siege Tank  
  190  15:29  Hellion  
  190  15:32  Hellion  
  200  15:44  Viking  
  200  15:45  Viking  
  200  15:46  Siege Tank  
  200  15:48  Hellion  
  200  15:49  Siege Tank  
  195  15:53  Hellion  
  200  16:00  Hellion  
Show
View Real Time Build Order
Export as new Build Order

Snute Zerg - Winner!

Build Orders: Hatch First, Brood Lord Corruptor 

Get SALT Encoding   

  12  0:00  Drone  
  13  0:12  Overlord  
  13  0:16  Drone  
  14  0:30  Drone x2  
  14  0:34  Drone  
  17  0:51  Hatchery  
  17  0:53  Drone  
  17  0:57  Drone  
  17  0:59  Extractor  
  17  1:12  Spawning Pool  
  17  1:15  Drone  
  17  1:18  Drone  
  18  1:27  Drone  
  19  1:38  Overlord  
  19  1:49  Drone  
  20  1:59  Metabolic Boost, Queen  
  20  2:00  Zergling x2  
  23  2:03  Queen  
  23  2:06  Zergling x2  
  26  2:14  Drone x2  
  28  2:22  Drone  
  29  2:26  Drone  
  30  2:34  Hatchery  
  30  2:36  Drone  
  30  2:38  Drone  
  31  2:44  Overlord  
  31  2:46  Drone  
  32  2:54  Drone  
  32  2:56  Drone  
  32  2:57  Queen  
  36  3:04  Drone  
  37  3:07  Drone  
  37  3:08  Drone x2  
  37  3:10  Overlord  
  37  3:11  Drone  
  41  3:16  Overlord  
  41  3:18  Zergling x2  
  42  3:20  Zergling x2  
  42  3:21  Zergling x2  
  42  3:27  Overlord  
  44  3:32  Queen  
  44  3:33  Drone  
  47  3:37  Drone  
  47  3:39  Drone  
  47  3:40  Drone x2  
  51  3:44  Drone x3  
  51  3:46  Drone  
  55  3:50  Zergling x4  
  54  4:06  Drone x4  
  58  4:12  Queen x2  
  58  4:14  Drone x3  
  63  4:18  Drone x4  
  63  4:21  Drone  
  68  4:25  Zergling x6  
  68  4:29  Overlord  
  71  4:31  Drone  
  71  4:37  Spore Crawler  
  71  4:39  Spore Crawler  
  71  4:40  Spore Crawler  
  71  4:42  Drone x2  
  71  4:43  Drone  
  71  4:44  Drone, Evolution Chamber  
  71  4:45  Drone, Evolution Chamber  
  71  4:46  Drone  
  71  4:47  Drone  
  71  4:51  Overlord  
  73  4:56  Drone x2  
  75  5:00  Drone  
  75  5:03  Extractor  
  75  5:04  Extractor  
  75  5:05  Drone x3  
  75  5:06  Lair  
  77  5:08  Extractor  
  77  5:10  Drone x2  
  77  5:13  Drone, Extractor x2  
  77  5:15  Drone x2  
  77  5:19  Zergling x6  
  82  5:24  Zergling x2  
  77  5:29  Zerg Ground Armor Level 1, Zergling x4  
  74  5:39  Drone x3  
  73  5:43  Drone x5  
  73  5:44  Drone  
  73  5:45  Queen x2  
  73  5:47  Drone  
  73  5:48  Drone  
  85  5:51  Spore Crawler  
  85  5:52  Drone x2  
  85  5:53  Drone  
  87  5:58  Drone x2  
  89  6:04  Drone  
  89  6:06  Zerg Missile Weapons Level 1  
  89  6:08  Hydralisk Den  
  89  6:11  Infestation Pit  
  89  6:12  Drone x2  
  89  6:17  Queen  
  89  6:19  Zergling x2  
  89  6:21  Overlord x2  
  89  6:23  Overlord  
  89  6:24  Overlord  
  90  6:27  Overlord  
  90  6:29  Overlord x2  
  90  6:38  Queen x2  
  94  6:40  Muscular Augments, Overseer  
  94  6:41  Hydralisk x5  
  94  6:42  Hydralisk  
  106  6:47  Overlord  
  104  6:54  Hive  
  104  6:59  Drone x2  
  106  7:05  Spire  
  106  7:07  Overseer  
  105  7:14  Queen x2  
  109  7:18  Hydralisk x4  
  117  7:27  Zergling x2  
  117  7:28  Zergling x18, Hatchery  
  125  7:32  Zerg Melee Weapons Level 1  
  125  7:50  Hydralisk x8, Overlord  
  141  7:51  Extractor  
  141  7:54  Baneling Nest  
  139  8:02  Zerg Missile Weapons Level 2  
  139  8:12  Extractor  
  138  8:20  Greater Spire  
  138  8:21  Zergling x2  
  138  8:22  Zergling x20  
  147  8:32  Overlord  
  145  8:37  Overlord  
  145  8:41  Hydralisk x3  
  138  8:43  Zergling x4  
  138  8:44  Zergling x10  
  143  8:49  Queen  
  143  8:50  Queen x2  
  146  8:57  Hydralisk  
  146  8:58  Hydralisk x8  
  160  9:09  Extractor, Corruptor x3  
  150  9:21  Corruptor x3  
  156  9:45  Brood Lord x3  
  161  9:48  Drone x4  
  161  9:50  Zergling x14  
  161  9:51  Zergling x2  
  172  9:57  Overlord  
  172  9:58  Drone x2  
  174  10:02  Spore Crawler  
  173  10:12  Spore Crawler, Brood Lord x2  
  176  10:14  Overlord x2  
  176  10:19  Brood Lord  
  178  10:21  Drone x2  
  178  10:22  Drone x3  
  182  10:41  Viper x3  
  191  10:48  Zerg Flyer Armor Level 1  
  190  11:01  Centrifical Hooks  
  190  11:14  Queen  
  190  11:15  Queen  
  181  11:37  Corruptor x9  
  187  11:44  Corruptor x2  
  191  11:49  Overlord x2  
  191  12:07  Hatchery  
  190  12:12  Brood Lord x3  
  196  12:16  Pneumatized Carapace, Overseer x2  
  196  12:28  Zergling x8  
  196  12:29  Zergling x2  
  191  12:37  Drone x8  
  191  12:38  Drone x6  
  191  12:40  Drone x2  
  200  12:47  Drone  
  200  12:48  Drone x2  
  200  12:51  Zerg Ground Armor Level 2, Zerg Missile Weapons Level 3  
  200  13:04  Zerg Flyer Armor Level 2  
  195  13:28  Hydralisk  
  195  13:29  Hydralisk  
  196  13:51  Hatchery  
  194  14:02  Hydralisk x2  
  178  14:03  Hydralisk x8  
  193  14:31  Zergling x12  
  193  14:32  Zergling x4  
  194  14:48  Hatchery, Hydralisk  
  194  14:49  Hydralisk x2  
  199  14:58  Spore Crawler  
  187  15:46  Zergling x16  
  187  15:47  Zergling x4  
  193  15:53  Brood Lord x4  
  197  16:04  Spine Crawler x3  
Tags
 
Add a new tag
Caveats
  • Supply blocks, unpowered buildings, or Contaminate may cause inaccurate times.
  • Supply counts are checked every 10 seconds.